TOP OF THE 1ST |
Put-In-Bay BC batting - Pitching for Chicago Tula : RHP Martin Swanson
|
Pitching: RHP Martin Swanson
|
|
Batting: RHB Barton Nagel
|
0-0: Ball 1-0: Ball 2-0: Called Strike 2-1: Fly out, F8 (Flyball, 8LM)
|
Batting: RHB Carlos Trujillo
|
0-0: Foul Ball, location: 2F 0-1: Ball 1-1: Called Strike 1-2: Strikes out swinging
|
Batting: RHB Preston Hernández
|
0-0: Ball 1-0: Swinging Strike 1-1: Ball 2-1: Called Strike 2-2: Reached on error, E6 (Groundball, 56)
|
Batting: RHB Ed Adams
|
0-0: Ball 1-0: Ball 2-0: Foul Ball, location: 2F 2-1: Foul Ball, location: 2F 2-2: Ball 3-2: Foul Ball, location: 2F Error on foul ball, E2 3-2: Strikes out swinging
|
Top of the 1st over - 0 run(s), 0 hit(s), 2 error(s), 1 left on base; Put-In-Bay 0 - Chicago 0 |
BOTTOM OF THE 1ST |
Chicago Tula batting - Pitching for Put-In-Bay BC : RHP Gabriel Escobar
|
Pitching: RHP Gabriel Escobar
|
|
Batting: RHB Gil Nichols
|
0-0: Foul Ball, location: 2F 0-1: Ground out 5-3 (Groundball, 56S)
|
Batting: SHB Jake Richardson
|
0-0: Swinging Strike 0-1: Fly out, F7 (Flyball, 7M)
|
Batting: LHB Cole Thrash
|
0-0: Ball 1-0: Ball 2-0: DOUBLE (Line Drive, 8RS)
|
Batting: LHB Arturo Ballina
|
0-0: Ball 1-0: Foul Ball, location: 2F 1-1: Swinging Strike 1-2: Strikes out swinging
|
Bottom of the 1st over - 0 run(s), 1 hit(s), 0 error(s), 1 left on base; Put-In-Bay 0 - Chicago 0 |
TOP OF THE 2ND |
Put-In-Bay BC batting - Pitching for Chicago Tula : RHP Martin Swanson
|
Batting: SHB Dylan Carson
|
0-0: Ground out 1-3 (Groundball, 13S)
|
Batting: RHB Ken Little
|
0-0: Swinging Strike 0-1: Ball 1-1: Swinging Strike 1-2: Foul Ball, location: 2F 1-2: Foul Ball, location: 2F 1-2: Hit by Pitch
|
Batting: RHB Eddie Davis
|
0-0: Ball Wild Pitch! Ken Little to second 1-0: Swinging Strike 1-1: Foul Ball, location: 2F 1-2: Foul Ball, location: 2F 1-2: Strikes out swinging
|
Batting: RHB Manuel Sánchez
|
0-0: Foul Ball, location: 2F 0-1: Called Strike 0-2: SINGLE (Line Drive, 89S) Ken Little to third Runner from 3rd tries for Home, SAFE, no throw or cutoff
|
Batting: LHB Dale Miller
|
0-0: Called Strike 0-1: Fly out, F7 (Flyball, 6MD)
|
Top of the 2nd over - 1 run(s), 1 hit(s), 0 error(s), 1 left on base; Put-In-Bay 1 - Chicago 0 |
BOTTOM OF THE 2ND |
Chicago Tula batting - Pitching for Put-In-Bay BC : RHP Gabriel Escobar
|
Batting: LHB Roberto Sánchez
|
0-0: Ball 1-0: Ball 2-0: Ball 3-0: Called Strike 3-1: Called Strike 3-2: Base on Balls
|
Batting: RHB Héctor Hernández
|
0-0: Called Strike 0-1: Fly out, F7 (Flyball, 78M)
|
Batting: RHB Bryan Sanders
|
0-0: SINGLE (Groundball, 56D) Roberto Sánchez to second
|
Batting: RHB Jorge Rodríguez
|
0-0: Ball 1-0: Called Strike 1-1: SINGLE (Groundball, 6MD) Roberto Sánchez to third Bryan Sanders to second Runner from 3rd tries for Home, SAFE, no throw or cutoff
|
Batting: LHB Gerald Kaufman
|
0-0: Ball 1-0: Ball 2-0: Ball 3-0: Swinging Strike 3-1: Foul Ball, location: 2F 3-2: Strikes out swinging
|
Batting: RHB Gil Nichols
|
0-0: Ball 1-0: Called Strike 1-1: Ball 2-1: Ground out 6-3 (Groundball, 56)
|
Bottom of the 2nd over - 1 run(s), 2 hit(s), 0 error(s), 2 left on base; Put-In-Bay 1 - Chicago 1 |
TOP OF THE 3RD |
Put-In-Bay BC batting - Pitching for Chicago Tula : RHP Martin Swanson
|
Batting: RHB Barton Nagel
|
0-0: Ball 1-0: Called Strike 1-1: Ball 2-1: Ball 3-1: Foul Ball, location: 2F 3-2: Foul Ball, location: 2F 3-2: Foul Ball, location: 2F 3-2: Fly out, F7 (Flyball, 7LM)
|
Batting: RHB Carlos Trujillo
|
0-0: Called Strike 0-1: Fly out, F8 (Popup, 8LM)
|
Batting: RHB Preston Hernández
|
0-0: Swinging Strike 0-1: Ball 1-1: Ball 2-1: SINGLE (Flyball, 7S)
|
Batting: RHB Ed Adams
|
0-0: Foul Ball, location: 2F 0-1: Ball 1-1: Foul Ball, location: 2F 1-2: Foul Ball, location: 2F 1-2: Ball 2-2: Fielders Choice at 2nd, U4 (Groundball, 4M)
|
Top of the 3rd over - 0 run(s), 1 hit(s), 0 error(s), 1 left on base; Put-In-Bay 1 - Chicago 1 |
BOTTOM OF THE 3RD |
Chicago Tula batting - Pitching for Put-In-Bay BC : RHP Gabriel Escobar
|
Batting: SHB Jake Richardson
|
0-0: Called Strike 0-1: Ball 1-1: Foul Ball, location: 2F 1-2: Hit by Pitch
|
Batting: LHB Cole Thrash
|
0-0: Called Strike 0-1: Fly out, F6 (Line Drive, 56D)
|
Batting: LHB Arturo Ballina
|
0-0: Called Strike 0-1: Ball 1-1: Swinging Strike 1-2: DOUBLE (Flyball, 9LM) Jake Richardson to third
|
Batting: LHB Roberto Sánchez
|
0-0: Called Strike 0-1: Called Strike 0-2: Strikes out swinging
|
Batting: RHB Héctor Hernández
|
0-0: Ball 1-0: Swinging Strike 1-1: Ball 2-1: Foul Ball, location: 2F 2-2: Ball 3-2: Ground out 2-3 (Groundball, 23)
|
Bottom of the 3rd over - 0 run(s), 1 hit(s), 0 error(s), 2 left on base; Put-In-Bay 1 - Chicago 1 |
TOP OF THE 4TH |
Put-In-Bay BC batting - Pitching for Chicago Tula : RHP Martin Swanson
|
Batting: SHB Dylan Carson
|
0-0: SINGLE (Line Drive, 9S)
|
Batting: RHB Ken Little
|
0-0: Ball 1-0: Ball 2-0: Called Strike 2-1: Swinging Strike 2-2: SINGLE (Line Drive, 4MD) Dylan Carson to second
|
Batting: RHB Eddie Davis
|
0-0: Fly out, F7 (Flyball, 7M)
|
Batting: RHB Manuel Sánchez
|
0-0: Called Strike 0-1: Grounds into double play, 6-4-3 (Groundball, 6)
|
Top of the 4th over - 0 run(s), 2 hit(s), 0 error(s), 1 left on base; Put-In-Bay 1 - Chicago 1 |
BOTTOM OF THE 4TH |
Chicago Tula batting - Pitching for Put-In-Bay BC : RHP Gabriel Escobar
|
Batting: RHB Bryan Sanders
|
0-0: Called Strike 0-1: Ground out 4-3 (Groundball, 13)
|
Batting: RHB Jorge Rodríguez
|
0-0: Foul Ball, location: 2F 0-1: Fly out, F8 (Flyball, 78M)
|
Batting: LHB Gerald Kaufman
|
0-0: Ball 1-0: Called Strike 1-1: Ball 2-1: Ball 3-1: Foul Ball, location: 2F 3-2: Base on Balls
|
Batting: RHB Gil Nichols
|
0-0: Ball 1-0: Ball 2-0: Ball 3-0: Called Strike 3-1: Called Strike 3-2: Base on Balls Gerald Kaufman to second
|
Batting: SHB Jake Richardson
|
0-0: Ball 1-0: Called Strike 1-1: Foul Ball, location: 2F 1-2: Ball 2-2: Strikes out swinging
|
Bottom of the 4th over - 0 run(s), 0 hit(s), 0 error(s), 2 left on base; Put-In-Bay 1 - Chicago 1 |
TOP OF THE 5TH |
Put-In-Bay BC batting - Pitching for Chicago Tula : RHP Martin Swanson
|
Batting: LHB Dale Miller
|
0-0: Called Strike 0-1: Called Strike 0-2: Ball 1-2: Strikes out swinging
|
Batting: RHB Barton Nagel
|
0-0: Ball 1-0: Called Strike 1-1: Ball 2-1: Ball 3-1: Foul Ball, location: 2F 3-2: Foul Ball, location: 2F 3-2: SINGLE (Line Drive, 4D)
|
Batting: RHB Carlos Trujillo
|
0-0: Called Strike 0-1: Ball Barton Nagel is caught stealing 2nd base 1-1: Ball 2-1: Ball 3-1: Base on Balls
|
Batting: RHB Preston Hernández
|
0-0: Foul Ball, location: 2F 0-1: Ball Carlos Trujillo steals 2nd base 1-1: Foul Ball, location: 2F 1-2: Ball 2-2: Foul Ball, location: 2F 2-2: Foul Ball, location: 2F 2-2: Foul Ball, location: 2F 2-2: Strikes out swinging
|
Top of the 5th over - 0 run(s), 1 hit(s), 0 error(s), 1 left on base; Put-In-Bay 1 - Chicago 1 |
BOTTOM OF THE 5TH |
Chicago Tula batting - Pitching for Put-In-Bay BC : RHP Gabriel Escobar
|
Batting: LHB Cole Thrash
|
0-0: Ball 1-0: Ball 2-0: Called Strike 2-1: Ball 3-1: Called Strike 3-2: Strikes out swinging
|
Batting: LHB Arturo Ballina
|
0-0: Ball 1-0: Foul Ball, location: 2F 1-1: Ball 2-1: Called Strike 2-2: DOUBLE (Line Drive, 5L)
|
Batting: LHB Roberto Sánchez
|
0-0: Ball 1-0: Ball 2-0: Foul Ball, location: 2F 2-1: Ball 3-1: Swinging Strike 3-2: Foul Ball, location: 2F 3-2: Foul Ball, location: 2F 3-2: Base on Balls
|
Batting: RHB Héctor Hernández
|
0-0: Ball 1-0: Fly out, F9 (Flyball, 9LM)
|
Batting: RHB Bryan Sanders
|
0-0: Called Strike 0-1: Ball 1-1: Ball 2-1: Ground out 3-1 (Groundball, 34)
|
Bottom of the 5th over - 0 run(s), 1 hit(s), 0 error(s), 2 left on base; Put-In-Bay 1 - Chicago 1 |
TOP OF THE 6TH |
Put-In-Bay BC batting - Pitching for Chicago Tula : RHP Martin Swanson
|
Batting: RHB Ed Adams
|
0-0: Called Strike 0-1: SINGLE (Groundball, 4M)
|
Batting: SHB Dylan Carson
|
0-0: Ball 1-0: Called Strike 1-1: Called Strike 1-2: Foul Ball, location: 2F 1-2: Foul Ball, location: 2F 1-2: Ball 2-2: Ball 3-2: Foul Ball, location: 2F 3-2: Strikes out swinging
|
Pitching: RHP Jim Unknown
|
|
Batting: RHB Ken Little
|
0-0: Ball 1-0: Ball 2-0: Ball 3-0: Base on Balls Ed Adams to second
|
Batting: RHB Eddie Davis
|
0-0: Ball 1-0: Ball 2-0: Ball 3-0: Called Strike 3-1: Swinging Strike 3-2: Foul Ball, location: 2F 3-2: Strikes out swinging
|
Batting: RHB Manuel Sánchez
|
0-0: Ball 1-0: Fly out, F7 (Line Drive, 78M)
|
Top of the 6th over - 0 run(s), 1 hit(s), 0 error(s), 2 left on base; Put-In-Bay 1 - Chicago 1 |
BOTTOM OF THE 6TH |
Chicago Tula batting - Pitching for Put-In-Bay BC : RHP Gabriel Escobar
|
Batting: RHB Jorge Rodríguez
|
0-0: SINGLE (Line Drive, 78S)
|
Pitching: RHP Alfredo Hernández
|
|
Batting: LHB Gerald Kaufman
|
0-0: Sac Bunt - play at first, batter OUT! 2-4 Jorge Rodríguez to second
|
Batting: RHB Gil Nichols
|
0-0: DOUBLE (Line Drive, 7M) Jorge Rodríguez scores
|
Batting: SHB Jake Richardson
|
0-0: Ground out 4-3 (Groundball, 34) Gil Nichols to third
|
Batting: LHB Cole Thrash
|
0-0: Foul Ball, location: 2F 0-1: Ball 1-1: Foul Ball, location: 2F 1-2: Foul Ball, location: 2F 1-2: Ball 2-2: SINGLE (Line Drive, 7S) Gil Nichols scores
|
Batting: LHB Arturo Ballina
|
0-0: Ball 1-0: Ball 2-0: Called Strike 2-1: Fly out, F7 (Flyball, 7M)
|
Bottom of the 6th over - 2 run(s), 3 hit(s), 0 error(s), 1 left on base; Put-In-Bay 1 - Chicago 3 |
TOP OF THE 7TH |
Put-In-Bay BC batting - Pitching for Chicago Tula : RHP Jim Unknown
|
Batting: LHB Dale Miller
|
0-0: Called Strike 0-1: SINGLE (Line Drive, 4M)
|
Batting: RHB Barton Nagel
|
0-0: Fly out, F9 (Flyball, 9S)
|
Batting: RHB Carlos Trujillo
|
0-0: Ball 1-0: Ball 2-0: Called Strike 2-1: SINGLE (Line Drive, 56) Dale Miller to second
|
Batting: RHB Preston Hernández
|
0-0: Foul Ball, location: 2F 0-1: Ball 1-1: Ball 2-1: Foul Ball, location: 2F 2-2: Foul Ball, location: 2F 2-2: Strikes out swinging
|
Batting: RHB Ed Adams
|
0-0: Ball 1-0: Ball 2-0: Ball 3-0: Called Strike 3-1: Foul Ball, location: 2F 3-2: Base on Balls Dale Miller to third Carlos Trujillo to second
|
Batting: SHB Dylan Carson
|
0-0: Ball 1-0: Ball 2-0: Ground out 4-3 (Groundball, 4)
|
Top of the 7th over - 0 run(s), 2 hit(s), 0 error(s), 3 left on base; Put-In-Bay 1 - Chicago 3 |
BOTTOM OF THE 7TH |
Chicago Tula batting - Pitching for Put-In-Bay BC : RHP Alfredo Hernández
|
Batting: LHB Roberto Sánchez
|
0-0: Called Strike 0-1: Swinging Strike 0-2: Strikes out swinging
|
Batting: RHB Héctor Hernández
|
0-0: Ball 1-0: SOLO HOME RUN (Flyball, 7LD), Distance : 363 ft
|
Batting: RHB Bryan Sanders
|
0-0: Ground out U3 (Groundball, 3S)
|
Batting: RHB Jorge Rodríguez
|
0-0: Ball 1-0: Foul Ball, location: 2F 1-1: Called Strike 1-2: Foul Ball, location: 2F 1-2: Ball 2-2: Ball 3-2: Strikes out swinging
|
Bottom of the 7th over - 1 run(s), 1 hit(s), 0 error(s), 0 left on base; Put-In-Bay 1 - Chicago 4 |
TOP OF THE 8TH |
Put-In-Bay BC batting - Pitching for Chicago Tula : RHP Jim Unknown
|
Batting: RHB Ken Little
|
0-0: Ball 1-0: Ball 2-0: Ball 3-0: Called Strike 3-1: Fly out, F7 (Flyball, 7LD)
|
Batting: RHB Eddie Davis
|
0-0: Ball 1-0: Foul Ball, location: 2F 1-1: Swinging Strike 1-2: Ball 2-2: Foul Ball, location: 2F 2-2: Ball 3-2: Fly out, F9 (Flyball, 9S)
|
Batting: RHB Manuel Sánchez
|
0-0: Ball 1-0: Ground out 6-3 (Groundball, 6)
|
Top of the 8th over - 0 run(s), 0 hit(s), 0 error(s), 0 left on base; Put-In-Bay 1 - Chicago 4 |
BOTTOM OF THE 8TH |
Chicago Tula batting - Pitching for Put-In-Bay BC : RHP Alfredo Hernández
|
Batting: LHB Gerald Kaufman
|
0-0: Ball 1-0: Ball 2-0: Ball 3-0: Called Strike 3-1: Base on Balls
|
Batting: RHB Gil Nichols
|
0-0: Ball 1-0: Sac Bunt - play at first, batter OUT! 3-4 Gerald Kaufman to second
|
Batting: SHB Jake Richardson
|
0-0: Ball 1-0: Fly out, F8 (Line Drive, 8LM)
|
Batting: LHB Cole Thrash
|
0-0: Swinging Strike 0-1: Ball 1-1: SINGLE (Line Drive, 4MD) Gerald Kaufman to third Runner from 3rd tries for Home, SAFE, no throw or cutoff
|
Pitching: RHP Nicholas Adams
|
|
Batting: LHB Arturo Ballina
|
0-0: Called Strike 0-1: SINGLE (Groundball, 5L) Cole Thrash to second
|
Batting: LHB Roberto Sánchez
|
0-0: Ball 1-0: Ball 2-0: Ground out 4-3 (Groundball, 4)
|
Bottom of the 8th over - 1 run(s), 2 hit(s), 0 error(s), 2 left on base; Put-In-Bay 1 - Chicago 5 |
TOP OF THE 9TH |
Put-In-Bay BC batting - Pitching for Chicago Tula : RHP Jim Unknown
|
Pitching: RHP Jim Unknown
|
|
Batting: LHB Dale Miller
|
0-0: Ball 1-0: Foul Ball, location: 2F 1-1: Called Strike 1-2: Ball 2-2: Ball 3-2: Base on Balls
|
Batting: RHB Barton Nagel
|
0-0: Foul Ball, location: 2F 0-1: Foul Ball, location: 2F 0-2: Ball 1-2: Foul Ball, location: 2F 1-2: Foul Ball, location: 2F 1-2: Foul Ball, location: 2F 1-2: Ball 2-2: Strikes out swinging
|
Batting: RHB Carlos Trujillo
|
0-0: Called Strike 0-1: Foul Ball, location: 2F 0-2: Strikes out swinging
|
Batting: RHB Preston Hernández
|
0-0: Called Strike 0-1: Called Strike 0-2: Ball 1-2: Ball 2-2: Foul Ball, location: 2F 2-2: Ball 3-2: Foul Ball, location: 2F 3-2: Strikes out looking
|
Top of the 9th over - 0 run(s), 0 hit(s), 0 error(s), 1 left on base; Put-In-Bay 1 - Chicago 5 |
|